 Dungeon Crawl Stone Soup version 0.32-a0-42-ga30500b4d3 (webtiles) character file.

Game seed: 4810144663087688601

10106 iamserjio the Arsonist (level 11, -1/57 HPs)
             Began as a Tengu Fire Elementalist on Feb 3, 2024.
             Was an Elder of Sif Muna.
             Slain by a yak (10 damage)
             ... on level 11 of the Dungeon.
             The game lasted 00:30:39 (3786 turns).

iamserjio the Arsonist (Tengu Fire Elementalist)    Turns: 3786, Time: 00:30:39

Health: -1/57      AC:  3    Str: 10    XL:     11   Next: 56%
Magic:  1/26       EV: 34    Int: 19    God:    Sif Muna [****..]
Gold:   395        SH:  0    Dex: 14    Spells: 18/30 levels left

rFire   + . .        k - +7 long sword of a volcano {protect, rPois rF+}
rCold   + . .        (no shield)
rNeg    . . .        N - +1 robe {rC+}
rPois   +            (helmet restricted)
rElec   .            (no cloak)
rCorr   .            (no gloves)
SInv    .            (boots unavailable)
Will    .....        (no amulet)
Stlth   ++           (no ring)
HPRegen 0.29/turn    (no ring)
MPRegen 0.20/turn

%: acrobat
@: acrobatic, flying
A: beak, talons 3, evasive flight, acrobatic
a: Renounce Religion, Channel Magic, Forget Spell, Divine Exegesis


You were on level 11 of the Dungeon.
You worshipped Sif Muna.
Sif Muna was greatly pleased with you.
You visited 2 branches of the dungeon, and saw 12 of its levels.
You also visited: Ossuary.

You collected 395 gold pieces.

Inventory:

Hand Weapons
 h - a +0 dagger
 j - a +0 quarterstaff
 k - the +7 long sword of a volcano (weapon) {protect, rPois rF+}
   (You found it on level 3 of the Dungeon)

   rF+:       It protects you from fire.
   rPois:     It protects you from poison
 t - a +5 trident
 y - a +1 heavy morningstar
 A - the +0 spear "Spiderbane" {freeze, Fly Will+ rCorr}
   (You found it on level 7 of the Dungeon)

   Will+:     It increases your willpower.
   Fly:       It grants you flight.
   rCorr:     It protects you from acid and corrosion.
 J - a +0 glaive
Missiles
 n - 3 poisoned darts
Armour
 a - a +0 robe
 f - an orb of guile
 s - a +4 scale mail
 u - a +0 robe of fire resistance
 z - +0 swamp dragon scales
 N - a +1 robe of cold resistance (worn)
Magical Staves
 l - a staff of conjuration
 q - a staff of cold
 B - a staff of alchemy
Wands
 i - a wand of light (6)
 v - a wand of digging (9) {@v3}
 x - a wand of paralysis (4)
Scrolls
 c - 7 scrolls of teleportation {@r3}
 o - 4 scrolls of vulnerability {unknown}
 w - a scroll of silence
 C - 2 scrolls of butterflies {unknown}
 E - 2 scrolls of enchant weapon {unknown}
 H - a scroll of fog
 L - a scroll of fear
 O - a scroll of torment
Potions
 b - 2 potions of magic
 d - a potion of lignification {unknown}
 e - 8 potions of curing {@q1}
 g - 2 potions of invisibility
 m - a potion of degeneration
 p - 2 potions of berserk rage {unknown}
 r - a potion of enlightenment {unknown}
 D - 2 potions of heal wounds {unknown}
 F - a potion of brilliance {unknown}
 G - a potion of attraction {unknown}
 I - a potion of ambrosia {unknown}
 K - 3 potions of mutation {unknown}
 M - 3 potions of might {unknown}


   Skills:
 - Level 2.0 Fighting
 - Level 7.0 Dodging
 - Level 2.0 Stealth
 + Level 10.1 Spellcasting
 * Level 8.3 Conjurations
 - Level 1.0 Hexes
 * Level 10.2 Fire Magic
 + Level 5.3 Invocations
 - Level 2.7 Evocations


You had 18 spell levels left.
You knew the following spells:

 Your Spells              Type           Power      Damage    Failure   Level
a - Foxfire               Conj/Fire      100%       2x1d9     1%          1
b - Scorch                Fire           96%        2d9       1%          2
c - Flame Wave            Conj/Fire      44%        2d11      1%          4
d - Blink                 Tloc           18%        N/A       11%         2
e - Inner Flame           Hex/Fire       30%        N/A       2%          3

Your spell library contained the following spells:

 Spells                   Type           Power      Damage    Failure   Level
 Magic Dart               Conj           100%       1d8       1%          1
 Sting                    Conj/Alch      100%       1d9       1%          1
 Volatile Blastmotes      Fire/Tloc      58%        2d14      2%          3
 Hailstorm                Conj/Ice       25%        3d7       4%          3
 Freeze                   Ice            36%        1d5       8%          1
 Call Imp                 Summ           18%        N/A       11%         2
 Mercury Vapours          Alch/Air       18%        N/A       11%         2
 Frozen Ramparts          Ice            18%        1d3       22%         3
 Arcjolt                  Conj/Air       12%        1d22      36%         5
 Olgreb's Toxic Radiance  Alch           9%         N/A       58%         4
 Vhi's Electric Charge    Tloc/Air       18%        N/A       58%         4
 Maxwell's Capacitive Co  Air            4%         ∞         100%        8


Dungeon Overview and Level Annotations

Branches:
Dungeon (11/15) Zot: 26640  Temple (1/1) D:4 Zot: 5940 Ossuary (visited)
   Lair: D:8-11         Orc: D:9-12

Altars:
Ashenzari
Cheibriados
Dithmenos
Elyvilon
Fedhas
Gozag
Hepliaklqana
Kikubaaqudgha
Makhleb
Nemelex Xobeh
Qazlal
Ru
Sif Muna
Trog
Uskayaw
Vehumet
Wu Jian
Yredelemnul
Zin
The Shining One

Shops:
D:4 [


Innate Abilities, Weirdness & Mutations

You have a beak for a mouth.
You have claws for feet.
Your magical flight helps you evade attacks. (EV +4)
You can magically evade attacks while moving or waiting.


Message History

Casting: Flame Wave (dangerous; 1% risk of failure)
Casting: Flame Wave (dangerous; 1% risk of failure)
Press: ? - help, Dir - look around, f - activate A wave of flame ripples out!
The flame wave engulfs the yak.
The flame wave engulfs the slime creature! (Press . to intensify the flame waves.)
The yak closely misses you.
The slime creature hits you but does no damage.
Two slime creatures merge to form a large slime creature.
A wave of flame ripples out!
The flame wave engulfs the yak!
You kill the yak!
Sif Muna accepts your kill.
The flame wave engulfs the yak!
The flame wave engulfs the large slime creature!
The flame wave engulfs the yak!
The yak misses you.
A wave of flame ripples out!
The flame wave engulfs the yak.
The flame wave engulfs the large slime creature!!
The flame wave engulfs the yak.
The flame wave engulfs the yak!
You kill the yak!
Sif Muna accepts your kill.
The flame wave engulfs the yak!!
You finish channelling waves of flame.
The yak completely misses you.
Casting: Flame Wave (dangerous; 1% risk of failure)
Casting: Flame Wave (dangerous; 1% risk of failure)
Press: ? - help, Dir - look around, f - activate A wave of flame ripples out!
The flame wave engulfs the yak! x2
The flame wave engulfs the large slime creature! (Press . to intensify the flame waves.)
The yak barely misses you. The yak misses you.
The large slime creature hits you!!
* * * LOW HITPOINT WARNING * * *
A wave of flame ripples out!
The flame wave engulfs the yak! x2
You kill the yak!
Sif Muna accepts your kill.
The flame wave engulfs the large slime creature.
The flame wave engulfs the yak but does no damage.
A large slime creature splits.
The yak misses you.
Without enough magic to sustain them, the waves of flame dissipate.
The yak gores you!
You die...

+. #. #. ###+###
#.
######...>.######
#.
................#
#######.
.........†.......
......#.
.......YJJ...JJ.
......J.
........@Y# ###
.....#.
##+##.....# ....
### #>
....##'####.....
......o
.................
......o
.........<.......
.....o.
.................
.......
...#########.....
....... .. #...
....... . ##
.o.....


You could see 4 slime creatures and 2 yaks.

Vanquished Creatures
  A boulder beetle (D:9)
  Pikel (D:4)
  A gargoyle (D:10)
  Maggie (D:7)
  An unseen horror (D:10)
  2 wyverns (D:8)
  2 shadows (D:9)
  A wraith (D:10)
  14 yaks
  A steam dragon (D:6)
  An acid dragon (D:9)
  3 water moccasins
  5 orc warriors
  A sky beast (D:7)
  4 ice beasts
  An ogre (D:7)
  8 centaurs
  A lemure (D:4)
  2 kobold brigands
  A weeping skull (Ossuary)
  5 bullfrogs
  A gnoll sergeant (D:6)
  5 scorpions
  12 wights
  6 killer bees (D:10)
  4 howler monkeys
  5 bombardier beetles
  3 hounds
  6 jellies
  3 orc priests
  A gnoll bouda (D:6)
  4 centaur skeletons (Ossuary)
  2 iguanas
  2 spectral scorpions (Ossuary)
  A sleepcap (D:7)
  9 orc wizards
  7 mummies (Ossuary)
  3 gnolls (D:6)
  7 adders
  A shadow imp (D:6)
  A dart slug (D:4)
  A ribbon worm (D:3)
  35 orcs
  2 bats (D:3)
  3 endoplasms
  2 giant cockroaches
  3 goblins
  4 hobgoblins
  11 kobolds
  2 ball pythons
  A frilled lizard (D:2)
  2 gnoll skeletons (Ossuary)
  2 kobold skeletons (Ossuary)
  A rat (D:1)
  10 spectral rats (Ossuary)
219 creatures vanquished.

Vanquished Creatures (others)
  A yak (D:11)
  108 foxfires
109 creatures vanquished.

Grand Total: 328 creatures vanquished

Notes
Turn   | Place    | Note
-------+----------+-------------------------------------------
     0 | D:1      | iamserjio the Tengu Fire Elementalist began the quest for
                  | the Orb.
     0 | D:1      | Reached XP level 1. HP: 10/10 MP: 4/4
    77 | D:2      | Noticed a bombardier beetle
    93 | D:2      | Killed a bombardier beetle
    94 | D:2      | Reached XP level 2. HP: 8/15 MP: 1/6
    94 | D:2      | Reached XP level 3. HP: 10/19 MP: 1/7
   385 | D:3      | Reached XP level 4. HP: 12/24 MP: 4/9
   402 | D:3      | Learned a level 2 spell: Scorch
   643 | D:3      | Identified the +7 long sword of a volcano {protect, rPois
                  | rF+}
   667 | D:3      | Reached XP level 5. HP: 28/28 MP: 3/10
   782 | D:5      | Entered Level 5 of the Dungeon
   799 | D:4      | Found Aturch's Antique Armour Boutique.
   820 | D:4      | Found a staircase to the Ecumenical Temple.
   833 | Temple   | Entered the Ecumenical Temple
   863 | Temple   | Became a worshipper of Sif Muna the Loreminder
   921 | D:4      | Reached skill level 1 in Fighting
   938 | D:4      | Learned a level 4 spell: Flame Wave
   952 | D:4      | Noticed a lemure
   952 | D:4      | Noticed a lemure
   952 | D:4      | Noticed a lemure
   952 | D:4      | Noticed Pikel
   981 | D:4      | Killed a lemure
   987 | D:4      | Noticed a lemure
   988 | D:4      | Killed Pikel
   989 | D:4      | Reached skill level 5 in Conjurations
   989 | D:4      | Reached skill level 5 in Fire Magic
   989 | D:4      | Reached XP level 6. HP: 22/35 MP: 6/13
   989 | D:4      | Gained mutation: Your magical flight helps you evade
                  | attacks. (EV +4) [Tengu growth]
   989 | D:4      | Reached XP level 7. HP: 25/40 MP: 6/14
  1226 | D:5      | Reached XP level 8. HP: 32/44 MP: 3/15
  1500 | D:6      | HP: 2/44 [bullfrog (8)]
  1506 | D:6      | Reached skill level 5 in Spellcasting
  1515 | D:6      | Reached * piety under Sif Muna
  1723 | D:6      | Reached skill level 1 in Invocations
  1723 | D:6      | Reached XP level 9. HP: 41/48 MP: 3/18
  1773 | D:6      | Found a burning altar of Makhleb.
  1907 | D:7      | Noticed Maggie
  1918 | D:7      | Killed Maggie
  1927 | D:7      | Identified the +0 spear "Spiderbane" {freeze, Fly Will+
                  | rCorr}
  1978 | D:7      | Reached ** piety under Sif Muna
  2045 | D:7      | Reached skill level 5 in Dodging
  2065 | D:7      | Found a sand-covered staircase.
  2075 | Ossuary  | Entered an ossuary
  2326 | D:7      | Reached XP level 10. HP: 53/53 MP: 8/22
  2331 | D:7      | Reached *** piety under Sif Muna
  2423 | D:8      | Learned a level 2 spell: Blink
  2427 | D:8      | Learned a level 3 spell: Inner Flame
  2501 | D:8      | Reached skill level 1 in Hexes
  2662 | D:8      | Found a glowing silver altar of Zin.
  2913 | D:10     | Entered Level 10 of the Dungeon
  3013 | D:9      | Noticed a boulder beetle
  3033 | D:9      | Killed a boulder beetle
  3227 | D:9      | Reached XP level 11. HP: 38/57 MP: 5/25
  3421 | D:10     | Noticed a death yak
  3421 | D:10     | Noticed a death yak
  3496 | D:10     | Reached **** piety under Sif Muna
  3509 | D:10     | Reached skill level 5 in Invocations
  3516 | D:10     | Found a broken altar of Ashenzari.
  3618 | D:10     | Reached skill level 10 in Spellcasting
  3628 | D:10     | Reached skill level 10 in Fire Magic
  3786 | D:11     | Slain by a yak

Illustrated notes

Levels and vault maps discovered:
D:1:      psy_arrival_wood_between_worlds, layout_loops_corners
D:2:      layout_basic, uniq_robin, uniq_crazy_yiuf_cottage
D:3:      layout_loops_ring, mainiacjoe_overflow_alcove_1, kennysheep_path_1,
          bh_walls_and_bars
D:4:      layout_basic, mainiacjoe_overflow_tiny_flanked,
          minmay_temple_entry_wispy, serial_shops, shop, uniq_pikel
D:5:      layout_basic
D:6:      minmay_octagon_keep, layout_basic, makhleb_heckhound_becter,
          st_stairs_3
D:7:      layout_basic, nicolae_ossuary_entry_monument, minmay_crystal_room,
          uniq_maggie
D:8:      layout_basic, lemuel_round_altar, minmay_quadrilaterals
D:9:      layout_roguey, kennysheep_generic_room_13
D:10:     layout_basic, nicolae_ashenzari_panopticon, dpeg_lair_monsters
D:11:     layout_gridville, david_orc_1_choice
Temple:   bh_familiar_temple

Skill      XL: |  1  2  3  4  5  6  7  8  9 10 11 |
---------------+----------------------------------+-----
Conjurations   | 2 3 5 6 8 |  8.3
Fire Magic     | 4 5 7 8 9 10 | 10.2
Spellcasting   | 3 4 5 7 9 10 | 10.1
Fighting       | 2 |  2.0
Evocations     | 2 |  2.7
Dodging        | 4 5 7 |  7.0
Invocations    | 1 4 5 |  5.3
Hexes          | 1 |  1.0
Stealth        | |  2.0

Action                     |  1- 3 |  4- 6 |  7- 9 | 10-12 || total
---------------------------+-------+-------+-------+-------++-------
  Melee: Unarmed           |    18 |       |       |       ||    18
         Peck              |     7 |     4 |    15 |     5 ||    31
         Kick              |     6 |    10 |    17 |     7 ||    40
         Dagger            |     1 |     5 |       |       ||     6
         Quarterstaff      |       |     7 |       |       ||     7
         Long sword        |       |    19 |    86 |    20 ||   125
         Punch             |       |       |     2 |     1 ||     3
         Staff             |       |       |       |     4 ||     4
  Throw: Dart              |       |       |       |     5 ||     5
   Cast: Foxfire           |    18 |    22 |    18 |     8 ||    66
         Scorch            |       |    11 |    85 |    86 ||   182
         Flame Wave        |       |       |     6 |    25 ||    31
 Invoke: Channel Magic     |       |       |     2 |     5 ||     7
  Evoke: Wand              |       |     3 |     8 |     3 ||    14
    Use: Scroll            |       |       |       |     8 ||     8
   Stab: Invisible         |       |     2 |     1 |       ||     3
         Sleeping          |       |       |     1 |       ||     1
         Paralysed         |       |       |       |     6 ||     6
 Armour: Robe              |    11 |    17 |    42 |    63 ||   133
  Dodge: Dodged            |    12 |    32 |    95 |   161 ||   300

Table legend: (Time is in decaauts)
 A = Elapsed time spent in this place.
 B = Non-inter-level travel time spent in this place.
 C = Inter-level travel time spent in this place.
 D = Time resting spent in this place.
 E = Time spent auto-exploring this place.
 F = Levels seen in this place.
 G = Mean time per level.
                   A        B        C        D        E       F      G
               +--------+--------+--------+--------+--------+-----+--------+
         Total |   3850 |   3248 |    602 |      0 |    125 |  13 |  296.2 |
       Dungeon |   3547 |   3002 |    545 |      0 |    125 |  11 |  322.5 |
        Temple |     59 |      2 |     57 |      0 |      0 |   1 |   59.0 |
       Ossuary |    243 |    243 |      0 |      0 |      0 |   1 |  243.0 |
               +--------+--------+--------+--------+--------+-----+--------+

Top non-repeatable levels by time:
     D:6: 561 daAuts
     D:9: 466 daAuts
    D:10: 416 daAuts
     D:8: 348 daAuts
     D:4: 343 daAuts
     D:5: 337 daAuts
     D:2: 307 daAuts
     D:7: 285 daAuts
     D:3: 271 daAuts
 Ossuary: 243 daAuts
     D:1: 128 daAuts
    D:11: 80 daAuts
  Temple: 59 daAuts
